 Dungeon Crawl Stone Soup version 0.31.0-11-ge490571c62 (webtiles) character file.

Game seed: 9483897408196516116

200 Chiseanne the Changeling (level 5, -3/36 HPs)
             Began as an Octopode Shapeshifter on Feb 8, 2024.
             Slain by a sky beast (5 damage)
             ... on level 4 of the Dungeon.
             The game lasted 00:04:00 (2690 turns).

Chiseanne the Changeling (Octopode Shapeshifter)    Turns: 2690, Time: 00:04:00

Health: -3/36      AC:  1    Str: 14    XL:     5   Next: 79%
Magic:  5/5        EV: 14    Int: 12    God:
Gold:   103        SH:  0    Dex: 13    Spells: 4/4 levels left

rFire   + .          .
                       - Unarmed
rCold   . . .        (no shield)
rNeg    . . .        (helmet currently unavailable)
rPois   .            (no amulet)
rElec   .            h - ring of protection from fire
rCorr   .            (no ring)
SInv    .            (no ring)
Will    .....        (no ring)
Stlth   +++          (no ring)
HPRegen 0.26/turn    (no ring)
MPRegen 0.09/turn    (no ring)
                     (no ring)

%: no passive effects
@: beast-form
A: beast (slay +2), almost no armour, amphibious, 8 rings, camouflage 1,
gelatinous body 1, (nimble swimmer 1), tentacles
a: Begin Untransformation


You were on level 4 of the Dungeon.
You were a hulking beast.
You visited 1 branch of the dungeon, and saw 4 of its levels.

You collected 103 gold pieces.

Inventory:

Missiles
 i - 23 stones (quivered)
Jewellery
 h - a ring of protection from fire (left tentacle)
Talismans
 b - a beast talisman (active)
 c - a flux talisman
 m - a beast talisman (active)
Potions
 a - a potion of lignification
 d - a potion of ambrosia {unknown}
 f - 3 potions of degeneration {unknown}
 g - a potion of curing {unknown}
 k - a potion of might {unknown}
 l - a potion of resistance {unknown}


   Skills:
 * Level 2.8 Fighting
 * Level 3.3 Dodging
 * Level 3.5 Stealth
 - Level 3.0 Unarmed Combat
 * Level 3.9 Shapeshifting


You had 4 spell levels left.
You didn't know any spells.
Your spell library was empty.

Dungeon Overview and Level Annotations

Branches:
Dungeon (4/15)
 Temple: D:4-7

Altars:
Kikubaaqudgha


Innate Abilities, Weirdness & Mutations

You are a hulking beast.
Your limbs bulge with bestial killing power. (Slay +2)
You cannot wear most types of armour.
You are amphibious.
You can wear up to eight rings at the same time.
Your skin changes colour to match your surroundings (Stealth+).
Your rubbery body absorbs attacks. (AC +1, EV +1)
((You are camouflaged when in or above water. (Stealth+)))
You have tentacles for arms and can constrict up to eight enemies at once.


Message History

You tentacle-slap the kobold but do no damage.
Your grab misses the kobold.
The kobold is moderately wounded.
The kobold hits you with a +0 short sword.
You closely miss the kobold. Your grab misses the kobold.
You squeeze the kobold.
The kobold is heavily wounded.
The kobold hits you with a +0 short sword.
You tentacle-slap the kobold.
You kill the kobold!
i - 23 stones (gained 2)
Things that are here:
a +0 short sword; a kobold corpse
Found an ancient bone altar of Kikubaaqudgha.
A sky beast comes into view.
A sky beast is nearby!
The sky beast flickers out of sight!
Deactivating autopickup; reactivate with Ctrl-A.
Found a fizzy red potion.
You see here a fizzy red potion.
f - 3 fizzy red potions (gained 1)
A sky beast appears from thin air!
Reactivating autopickup.
The sky beast hits you. The sky beast shocks you.
You tentacle-slap the sky beast.
You squeeze the sky beast, but do no damage.
The sky beast is moderately wounded.
The sky beast flickers out of sight!
Deactivating autopickup; reactivate with Ctrl-A.
Something completely misses you.
You miss something. Something hits you. Something shocks you.
You closely miss something. Something hits you. Something shocks you.
You bludgeon something! Something hits you.
* * * LOW HITPOINT WARNING * * *
Something shocks you.
* * * LOW HITPOINT WARNING * * *
You bludgeon something! Something hits you.
* * * LOW HITPOINT WARNING * * *
Something shocks you.
You die...

########### #.........#
##.........#
...........# #.........#
######.....#
≈§§≈..#....#
.§§.§.#....#############
§§≈.≈.#........{h......#
§§.≈≈.##################
§§§≈≈.# §.§≈≈.# ≈≈§.§.#
....§.# ≈≈≈≈..##
######.#### .{........#


There were no monsters in sight!

Vanquished Creatures
  Jessica (D:2)
  An orc wizard (D:3)
  A sleepcap (D:3)
  5 adders
  2 dart slugs
  2 ribbon worms (D:2)
  9 orcs
  6 ball pythons
  3 endoplasms
  3 giant cockroaches
  4 goblins
  5 hobgoblins
  3 quokkas
  9 bats
  2 frilled lizards (D:2)
  3 kobolds
  5 rats
64 creatures vanquished.

Notes
Turn   | Place    | Note
-------+----------+-------------------------------------------
     0 | D:1      | Chiseanne the Octopode Shapeshifter began the quest for the
                  | Orb.
     0 | D:1      | Reached XP level 1. HP: 13/13 MP: 1/1
   156 | D:1      | Reached skill level 1 in Stealth
   156 | D:1      | Reached XP level 2. HP: 18/18 MP: 2/2
   626 | D:2      | Reached XP level 3. HP: 24/24 MP: 3/3
   846 | D:2      | Noticed Jessica
   856 | D:2      | Killed Jessica
   857 | D:2      | Reached XP level 4. HP: 29/29 MP: 4/4
  1597 | D:3      | Reached XP level 5. HP: 22/35 MP: 5/5
  2647 | D:4      | Found an ancient bone altar of Kikubaaqudgha.
  2648 | D:4      | Noticed a sky beast
  2690 | D:4      | Slain by a sky beast

Illustrated notes

Levels and vault maps discovered:
D:1:      evilmike_arrival_plus, layout_basic
D:2:      layout_basic, serial_glass, glass_columns_b, glass_columns_a,
          glass_columns_a, glass_columns_a, glass_columns_b, glass_columns_a,
          glass_columns_a, glass_columns_b, uniq_jessica
D:3:      layout_basic
D:4:      layout_basic, mainiacjoe_overflow_paths, serial_corexii_hall,
          chequers_hall_statues_corner_a, corexii_hall_statues_i,
          minmay_misc_feat_secret_circle

Skill      XL: |  1  2  3  4 |
---------------+-------------+-----
Stealth        | 1 2 3 |  3.5
Fighting       | 2 |  2.8
Dodging        | 3 |  3.3
Unarmed Combat | |  3.0
Shapeshifting  | |  3.9

Action                     |  1- 3 |  4- 6 || total
---------------------------+-------+-------++-------
  Melee: Unarmed           |    46 |   104 ||   150
         Constrict         |    12 |    26 ||    38
         Tentacles         |     9 |    21 ||    30
         Punch             |     1 |     3 ||     4
  Throw: Stone             |       |     3 ||     3
    Use: Scroll            |       |     5 ||     5
         Potion            |       |     1 ||     1
   Stab: Sleeping          |     8 |    10 ||    18
 Armour: Skin              |    10 |    59 ||    69
  Dodge: Dodged            |    19 |    50 ||    69
   Form: Beast             |     1 |       ||     1
